 Dungeon Crawl Stone Soup version 0.28-a0-627-g4e9751bbfc (webtiles) character file.

Game seed: 16434869937294284719

4026 nkrmnt the Covert (level 10, -6/44 HPs)
             Began as a Spriggan Enchanter on Oct 8, 2021.
             Was a Believer of Dithmenos.
             Killed from afar by an electric eel (15 damage)
             ... with a bolt of electricity
             ... in a bailey.
             The game lasted 00:25:09 (10580 turns).

nkrmnt the Covert (Spriggan Enchanter)             Turns: 10580, Time: 00:25:10

Health: -6/44      AC:  6    Str:  7    XL:     10   Next: 4%
Magic:  21/25      EV: 18    Int: 18    God:    Dithmenos [**....]
Gold:   977        SH:  0    Dex: 17    Spells: 22/30 levels left

rFire   . . .      SeeInvis +   a - +2 dagger (vamp)
rCold   + . .      Faith    .   (shield restricted)
rNeg    . . .      Spirit   .   b - +2 robe
rPois   .          Reflect  .   (helmet restricted)
rElec   .          Harm     .   d - +1 cloak
rCorr   .          Rampage  .   (gloves unavailable)
Will    +....                   (boots unavailable)
Stlth   ++++......              (no amulet)
HPRegen 0.14/turn               (no ring)
MPRegen 0.19/turn               (no ring)

@: wreathed by umbra, studying Dodging, unable to read, slow
A: very small, no large weapons, unfitting armour, see invisible, speed 3, agile
1, cold resistance 1, inability to read while threatened, sturdy frame 1
a: Renounce Religion, Shadow Step


You were in a bailey.
You worshipped Dithmenos.
Dithmenos was pleased with you.
You visited 2 branches of the dungeon, and saw 10 of its levels.
You also visited: Bailey.

You collected 1047 gold pieces.
You spent 70 gold pieces at shops.

Inventory:

Hand Weapons
 a - a +2 vampiric dagger (weapon)
 o - a +0 short sword of holy wrath
Missiles
 p - a throwing net (quivered)
Armour
 b - a +2 robe (worn)
 d - a +1 cloak (worn)
 m - a scarf of invisibility
Jewellery
 h - a ring of ice
Wands
 g - a wand of charming (3)
Scrolls
 f - 2 scrolls of enchant weapon
Potions
 c - a potion of lignification
 e - 2 potions of attraction
 j - a potion of brilliance
 k - a potion of flight
 l - a potion of resistance
 n - a potion of berserk rage {unknown}
 q - a potion of haste {unknown}


   Skills:
 + Level 0.6 Fighting
 + Level 1.7 Short Blades
 + Level 3.5 Dodging
 + Level 12.5 Stealth
 + Level 10.6 Spellcasting
 + Level 10.9 Hexes


You had 22 spell levels left.
You knew the following spells:

 Your Spells              Type           Power      Damage    Failure   Level
a - Ensorcelled Hibernat  Hex/Ice        58%        N/A       1%          2
b - Tukima's Dance        Hex            48%        N/A       1%          3
c - Dazzling Flash        Conj/Hex       58%        N/A       2%          3

Your spell library contained the following spells:

 Spells                   Type           Power      Damage    Failure   Level
 Confusing Touch          Hex            48%        N/A       1%          3
 Cause Fear               Hex            24%        N/A       1%          4
 Inner Flame              Hex/Fire       29%        N/A       2%          3
 Passwall                 Tmut/Erth      7%         N/A       12%         2
 Invisibility             Hex            24%        N/A       13%         6
 Swiftness                Air            9%         N/A       22%         3
 Discord                  Hex            24%        N/A       99%         8


Dungeon Overview and Level Annotations

Branches:
Dungeon (9/15)             Temple (1/1) D:4          Bailey (1/1)
   Lair: D:8-11         Orc: D:9-12

Altars:
Cheibriados
Dithmenos
Elyvilon
Fedhas
Gozag
Hepliaklqana
Kikubaaqudgha
Makhleb
Okawaru
Qazlal
Ru
Sif Muna
Uskayaw
Vehumet
Wu Jian
Zin
The Shining One

Shops:
D:3 *   D:5 (

Annotations:
D:9 1 exclusion


Innate Abilities, Weirdness & Mutations

You are very small and have problems with some larger weapons.
You are too small for most types of armour.
You have supernaturally acute eyesight. (SInv)
You cover ground extremely quickly. (Speed+++)
You are agile. (Dex +2)
Your flesh is cold resistant. (rC+)
You sometimes lose the ability to read scrolls when taking damage.
Your movements are slightly less encumbered by armour. (ER -2)


Message History

You hit the electric eel.
You feel better.
The electric eel is lightly wounded.
The electric eel shoots out a bolt of lightning at you!
The bolt of electricity misses you.
Your unstable footing causes you to fumble your attack.
You hit the electric eel.
The electric eel is moderately wounded.
The electric eel shoots out a bolt of lightning at you!
The bolt of electricity hits you!
Unknown command.
Unknown command.
Casting: Ensorcelled Hibernation (safe; 1% risk of failure)
Confirm with . or Enter, or press ? or * to list all spells.
Casting: Dazzling Flash (dangerous; 2% risk of failure)
Press: ? - help, Dir - look around, f - activate The electric eel is dazzled.
The electric eel shoots out a bolt of lightning at you!
The bolt of electricity hits you!
You feel threatened and lose the ability to read scrolls!
* * * LOW HITPOINT WARNING * * *
You hit the electric eel.
The electric eel is heavily wounded.
Your unstable footing causes you to fumble your attack.
You can read scrolls again.
The electric eel shoots out a bolt of lightning at you!
The bolt of electricity hits you.
You feel threatened and lose the ability to read scrolls!
* * * LOW HITPOINT WARNING * * *
Unknown command.
You barely miss the electric eel.
The electric eel is moderately wounded.
The electric eel shoots out a bolt of lightning at you!
The bolt of electricity hits you!
* * * LOW HITPOINT WARNING * * *
Unknown command.
You cannot read scrolls in your current state!
You feel better.
The electric eel shoots out a bolt of lightning at you!
The bolt of electricity hits you!
You die...

...≈≈≈≈≈.#''#####..).#..#.#..#.≈≈
##.≈≈≈≈≈.#......#)...#..#.#))#.≈≈
#≈≈≈≈≈≈.#...[..#....#..#.#))#.≈≈
#≈≈≈≈≈######.).....#####'######≈
#≈≈≈≈≈#....#.8.8.8.+.....# ≈
#≈≈≈≈≈#....#.......#.....#
#≈≈≈≈≈# #).#######'#######
#≈≈≈≈≈# #..'.............'
#≈≈≈≈≈# ####≈≈S@≈≈≈†≈≈≈≈≈#
≈≈≈≈≈≈≈≈≈≈≈≈≈≈≈≈≈≈
≈≈≈≈≈≈≈≈≈≈≈≈≈≈≈≈≈≈≈
≈≈≈≈≈≈≈≈≈≈≈≈≈≈≈≈≈≈≈≈
≈≈≈≈≈≈≈≈≈≈≈≈≈≈≈≈≈≈≈≈
≈≈≈≈≈≈≈≈≈≈≈≈≈≈≈≈≈≈≈≈
≈≈≈≈≈≈≈≈≈≈≈≈≈≈≈≈≈≈≈≈
≈≈≈≈≈≈≈≈≈≈≈≈≈≈≈≈≈≈


You could see an electric eel (blind).

Vanquished Creatures
  Harold (D:7)
  An orc knight (Bailey)
  Pikel (D:4)
  2 kobold demonologists (Bailey)
  A wyvern (D:8)
  6 orc warriors
  An ogre (D:5)
  A kobold brigand (D:6)
  A scorpion (D:5)
  2 bullfrogs (D:7)
  A water moccasin skeleton (D:5)
  3 howler monkeys (D:7)
  3 electric eels (Bailey)
  2 hounds (D:4)
  A centaur skeleton (D:6)
  Jessica (D:2)
  Natasha (D:2)
  Terence (D:2)
  2 orc wizards
  A howler monkey skeleton (D:4)
  4 gnolls (Bailey)
  4 adders
  A shadow imp (D:4)
  A white imp (D:6)
  2 adder skeletons (D:4)
  A worm (D:3)
  3 dart slugs
  11 orcs
  A bat (D:3)
  3 endoplasms
  5 giant cockroaches
  12 hobgoblins
  5 jackals (D:1)
  8 quokkas
  4 ball pythons
  A frilled lizard (D:1)
  16 goblins
  11 kobolds
  12 rats
138 creatures vanquished.

Vanquished Creatures (collateral kills)
  2 orc warriors (Bailey)
  An orc priest (D:7)
  An orc (D:7)
  4 goblins (Bailey)
  4 hobgoblins (Bailey)
12 creatures vanquished.

Vanquished Creatures (others)
  3 dancing weapons
  A gnoll (Bailey)
  A hobgoblin (Bailey)
  7 plants (D:3)
12 creatures vanquished.

Grand Total: 162 creatures vanquished

Notes
Turn   | Place    | Note
-------+----------+-------------------------------------------
     0 | D:1      | nkrmnt the Spriggan Enchanter began the quest for the Orb.
     0 | D:1      | Reached XP level 1. HP: 9/9 MP: 5/5
   266 | D:1      | Reached XP level 2. HP: 13/13 MP: 7/7
   269 | D:1      | Learned a level 2 spell: Ensorcelled Hibernation
   389 | D:1      | Gained mutation: Your movements are slightly less
                  | encumbered by armour. (ER -2) [potion of mutation]
   389 | D:1      | Gained mutation: You expend magic power (3 MP) to
                  | strengthen your wands. [potion of mutation]
   389 | D:1      | Gained mutation: You are frail. (-10% HP) [potion of
                  | mutation]
  1384 | D:1      | Reached XP level 3. HP: 10/14 MP: 1/9
  1388 | D:1      | Learned a level 3 spell: Tukima's Dance
  1392 | D:1      | Learned a level 3 spell: Dazzling Flash
  2034 | D:2      | Found a snail-covered altar of Cheibriados.
  2624 | D:2      | Noticed Jessica
  2630 | D:2      | Killed Jessica
  2631 | D:2      | Reached skill level 5 in Hexes
  2631 | D:2      | Reached XP level 4. HP: 18/18 MP: 6/11
  2687 | D:2      | Noticed Natasha
  2703 | D:2      | Killed Natasha
  2704 | D:2      | Lost mutation: You are frail. (-10% HP) [potion of
                  | mutation]
  2704 | D:2      | Lost mutation: You expend magic power (3 MP) to strengthen
                  | your wands. [potion of mutation]
  2704 | D:2      | Gained mutation: You sometimes lose the ability to read
                  | scrolls when taking damage. [potion of mutation]
  2704 | D:2      | Gained mutation: Your flesh is cold resistant. (rC+)
                  | [potion of mutation]
  2704 | D:2      | Gained mutation: You are agile. (Dex +2) [potion of
                  | mutation]
  3092 | D:2      | Noticed Terence
  3107 | D:2      | Killed Terence
  3563 | D:3      | Reached XP level 5. HP: 14/24 MP: 13/13
  3975 | D:3      | Found Yninafiq's General Store.
  3982 | D:3      | Bought a potion of curing for 42 gold pieces
  3982 | D:3      | Bought a scroll of identify for 28 gold pieces
  4098 | D:3      | Reached skill level 5 in Spellcasting
  4662 | D:4      | Found a burning altar of Makhleb.
  5205 | D:4      | Found a staircase to the Ecumenical Temple.
  5211 | Temple   | Entered the Ecumenical Temple
  5306 | Temple   | Became a worshipper of Dithmenos the Shadowed
  5943 | D:4      | Noticed a lemure
  5943 | D:4      | Noticed a lemure
  5944 | D:4      | Noticed a lemure
  5944 | D:4      | Noticed a lemure
  5946 | D:4      | Noticed Pikel
  5979 | D:4      | Killed Pikel
  5980 | D:4      | Reached skill level 6 in Stealth
  5980 | D:4      | Reached XP level 6. HP: 22/28 MP: 12/16
  5980 | D:4      | Reached XP level 7. HP: 25/32 MP: 13/18
  6116 | D:5      | Entered Level 5 of the Dungeon
  6124 | D:5      | Reached skill level 7 in Stealth
  6257 | D:5      | Found Votab's Antique Weapon Boutique.
  6679 | D:5      | Found a blossoming altar of Fedhas.
  7627 | D:6      | Reached skill level 8 in Stealth
  7660 | D:6      | Reached XP level 8. HP: 36/36 MP: 20/20
  7696 | D:6      | You fall into a shaft and drop 3 floors!
  8263 | D:7      | Reached * piety under Dithmenos
  8267 | D:7      | Reached skill level 9 in Stealth
  8355 | D:7      | Noticed Harold
  8371 | D:7      | Killed Harold
  8372 | D:7      | Reached skill level 10 in Stealth
  8372 | D:7      | Reached XP level 9. HP: 15/39 MP: 10/23
  8449 | D:7      | Found a flagged portal.
  8543 | Bailey   | Entered a bailey
  8950 | Bailey   | Found an iron altar of Okawaru.
  8950 | Bailey   | Noticed a kobold demonologist
  8950 | Bailey   | Noticed a kobold demonologist
  9004 | Bailey   | Killed a kobold demonologist
  9005 | Bailey   | Reached skill level 11 in Stealth
  9058 | Bailey   | Killed a kobold demonologist
  9059 | Bailey   | Reached skill level 10 in Hexes
  9269 | Bailey   | Identified the +10 hand axe of Accord {elec, *Noise rElec
                  | Int+6 Dex+4}
  9320 | Bailey   | Reached ** piety under Dithmenos
  9337 | Bailey   | Reached skill level 10 in Spellcasting
  9499 | Bailey   | Identified the +3 scimitar "Moisk" {protect, rElec}
  9559 | Bailey   | Identified a scroll of acquirement
  9559 | Bailey   | Acquired 704 gold pieces
  9621 | Bailey   | Noticed an orc knight
  9753 | Bailey   | Killed an orc knight
  9754 | Bailey   | Reached skill level 12 in Stealth
 10321 | Bailey   | Acquired a book of Hexes
 10409 | Bailey   | Reached XP level 10. HP: 32/44 MP: 16/25
 10579 | Bailey   | HP: 1/44 [electric eel/bolt of electricity (9)]
 10580 | Bailey   | Killed from afar by an electric eel

Illustrated notes

Levels and vault maps discovered:
D:1:      dpeg_arrival_ratfight, layout_loops_ring, hangedman_decor_growths
D:2:      layout_loops_corners, basic_altar, uniq_terence, uniq_natasha,
          uniq_jessica
D:3:      layout_loops_ring, serial_shops, shop, serial_bayou_ford_a
D:4:      layout_cave_pods, bloody_makhleb, minmay_temple_entry_fiery,
          minmay_manual_moon, uniq_pikel
D:5:      layout_gridville, fedhas_altar_1, nicolae_take_the_stairs
D:6:      layout_basic, serial_glass, glass_columns_a, glass_columns_c,
          minmay_shop_mass
D:7:      wander_river, layout_basic, enter_bailey_3, uniq_harold
D:8:      wad_guarded_room, layout_basic, chequers_hall_statues_corner_a,
          uniq_gastronok
D:9:      layout_basic, grunt_temple_overflow_cloverleaf
Temple:   regret_index_temple_sphere_string
Bailey:   bailey_axe_of_yendor_kennysheep, bailey

Skill      XL: |  1  2  3  4  5  6  7  8  9 |
---------------+----------------------------+-----
Spellcasting   | 3 4 6 7 9 10 | 10.6
Hexes          | 4 5 7 9 10 | 10.9
Stealth        | 6 8 10 12 | 12.5
Dodging        | 3 |  3.5
Fighting       | |  0.6
Short Blades   | |  1.7

Action                   |  1- 3 |  4- 6 |  7- 9 | 10-12 || total
-------------------------+-------+-------+-------+-------++-------
Melee: Dagger            |   153 |   144 |   262 |    25 ||   584
 Cast: Ensorcelled Hiber |    21 |    26 |    38 |     5 ||    90
       Tukima's Dance    |       |     2 |    22 |       ||    24
       Dazzling Flash    |       |       |    12 |     1 ||    13
Evoke: Wand              |       |       |     4 |       ||     4
  Use: Scroll            |     4 |     5 |    11 |       ||    20
       Potion            |     1 |     4 |     5 |     1 ||    11
 Stab: Sleeping          |    24 |    14 |    30 |     3 ||    71
       Distracted        |     1 |       |       |       ||     1
       Invisible         |       |     3 |    10 |       ||    13
Armor: Robe              |    14 |    13 |    40 |     1 ||    68
Dodge: Dodged            |   117 |   112 |   270 |    14 ||   513

Table legend: (Time is in decaauts)
 A = Elapsed time spent in this place.
 B = Non-inter-level travel time spent in this place.
 C = Inter-level travel time spent in this place.
 D = Time resting spent in this place.
 E = Time spent auto-exploring this place.
 F = Levels seen in this place.
 G = Mean time per level.
                   A        B        C        D        E       F      G
               +--------+--------+--------+--------+--------+-----+--------+
         Total |   8590 |   8525 |     65 |   2467 |   4165 |  11 |  780.9 |
       Dungeon |   6738 |   6683 |     55 |   1308 |   4081 |   9 |  748.7 |
        Temple |     68 |     58 |     10 |      0 |     46 |   1 |   68.0 |
        Bailey |   1783 |   1783 |      0 |   1159 |     38 |   1 | 1783.0 |
               +--------+--------+--------+--------+--------+-----+--------+

Top non-repeatable levels by time:
  Bailey: 1783 daAuts
     D:1: 1521 daAuts
     D:4: 1499 daAuts
     D:2: 1371 daAuts
     D:5: 884 daAuts
     D:3: 688 daAuts
     D:9: 370 daAuts
     D:7: 227 daAuts
     D:8: 92 daAuts
     D:6: 82 daAuts
  Temple: 68 daAuts
